AoeStats
← BudgetBench6953

Hideout

510075121Analyzed
1v1 RM · 24h ago on Sep 29, 2026· 68m 2s· 2 players
Game mode
Random Map
Map size
Tiny (2 player)
Population
200
Speed
Normal
Resources
Standard
Victory
Conquest
Starting age
Dark Age
Ending age
Imperial Age
RankedLock teamsTeams togetherTeam positionsShared explorationLock speedFull tech treeHidden civsTurbo modeCheats
Victory
Defeat
🇨🇿 Vikings · Czechia
860
+17
🇺🇸 Bulgarians · United States
891
-17
odinson
8:38 Loom
10:54 Feudal Age
12:01 Double-Bit Axe
12:12 Horse Collar
13:26 Gold Mining
20:42 Castle Age
19:49 Stone Mining
21:21 Pikeman
23:50 Forging
23:42 Scale Mail Armor
58:40 Imperial Age
59:57 Conscription
60:56 Iron Casting
BudgetBench6953
5:18 Loom
11:55 Feudal Age
16:18 Castle Age
28:16 Fletching
29:11 Double-Bit Axe
41:33 Wheelbarrow
52:07 Scale Mail Armor
56:56 Town Watch
58:08 Forging
65:16 Gold Mining
69:17 Imperial Age
Connection lost

Rejoining the realm…

Still unreachable

The connection could not be restored.

Session expired

The server has moved on; the page needs a fresh start.